 Dungeon Crawl Stone Soup version 0.25-a0-419-g7650d0de75 (webtiles) character file.

Game seed: 5026291082729986710, levelgen mode: deterministic

199 MisterFreud the Cutter (level 5, 0/42 HPs)
             Began as a Gnoll Chaos Knight on Jan 17, 2020.
             Was a Plaything of Xom.
             Succumbed to an adder's poison
             ... in a sewer.
             The game lasted 00:05:01 (2027 turns).

MisterFreud the Cutter (Gnoll Chaos Knight)         Turns: 2027, Time: 00:05:02

Health: 0/42       AC:  8    Str: 14    XL:     5   Next: 77%
Magic:  7/7        EV: 10    Int: 20    God:    Xom [..*...]
Gold:   97         SH:  0    Dex: 15    Spells: 7/7 levels left

rFire    . . .     SeeInvis .   d - +4 halberd (chaos)
rCold    . . .     Gourm    .   (shield currently unavailable)
rNeg     . . .     Faith    .   b - +2 leather armour
rPois    .         Spirit   .   (helmet restricted)
rElec    .         Reflect  .   j - +2 cloak
rCorr    .         Harm     .   (no gloves)
MR       .....                  (no boots)
Stlth    +.........             (no amulet)
HPRegen  0.14/turn              (no ring)
MPRegen  0.10/turn              (no ring)

@: brilliant, lethally poisoned (0 -> -5), constricted, very slow
A: distributed training, fangs 1, horns 1, deterioration 2, frail 1, strong nose
a: Renounce Religion


You were in a sewer.
You worshipped Xom.
You were a toy of Xom.
You were hungry.

You visited 1 branch of the dungeon, and saw 3 of its levels.
You also visited: Sewer.

You collected 97 gold pieces.

Inventory:

Hand Weapons
 a - a +1 short sword of chaos
 d - a +4 halberd of chaos (weapon)
Missiles
 g - 48 stones (quivered)
 n - 42 arrows
 v - 4 silver javelins
 x - 19 poisoned darts
Armour
 b - a +2 leather armour (worn)
 j - a +2 cloak (worn)
 t - a scarf of repulsion
 y - a scarf of cloud immunity
Scrolls
 e - a scroll of identify
Potions
 k - a potion of degeneration {unknown}
 o - a potion of heal wounds {unknown}
 p - 2 potions of mutation
 s - a potion of flight
 w - a potion of haste {unknown}
 z - a potion of brilliance
Comestibles
 c - 5 rations


   Skills:
 + Level 6.7 Fighting
 + Level 6.7 Short Blades
 + Level 1.6 Long Blades
 + Level 1.6 Axes
 + Level 1.6 Maces & Flails
 + Level 1.6 Polearms
 + Level 1.6 Staves
 + Level 1.6 Slings
 + Level 1.6 Bows
 + Level 1.6 Crossbows
 + Level 1.6 Throwing
 + Level 4.8 Armour
 + Level 3.0 Dodging
 + Level 1.6 Stealth
 + Level 1.6 Shields
 + Level 1.6 Unarmed Combat
 + Level 1.6 Spellcasting
 + Level 1.2 Conjurations
 + Level 1.2 Hexes
 + Level 1.2 Charms
 + Level 1.2 Summonings
 + Level 1.2 Necromancy
 + Level 1.2 Translocations
 + Level 1.2 Transmutations
 + Level 1.2 Fire Magic
 + Level 1.2 Ice Magic
 + Level 1.2 Air Magic
 + Level 1.2 Earth Magic
 + Level 1.2 Poison Magic
 + Level 1.8 Invocations
 + Level 1.6 Evocations


You had 7 spell levels left.
You didn't know any spells.
Your spell library was empty.

Dungeon Overview and Level Annotations

Branches:
Dungeon (3/15)              Sewer (1/1)

Altars:
Hepliaklqana
Trog
Vehumet


Innate Abilities, Weirdness & Mutations

Your experience applies equally to all skills.
You have very sharp teeth.
Your uncanny sense of smell can sniff out nearby items.
You have a pair of small horns on your head.
Your body often deteriorates upon taking damage.
You are frail. (-10% HP)


Message History

The river rat misses you. The ball python barely misses you.
The ball python grabs you. The ball python constricts you.
Your unstable footing causes you to fumble your attack.
You feel sick. The river rat bites you.
* * * LOW HITPOINT WARNING * * *
The adder closely misses you. The river rat bites you.
* * * LOW HITPOINT WARNING * * *
The ball python closely misses you. The ball python constricts you.
The adder bites you but does no damage.
It was a potion of brilliance.
You feel clever all of a sudden. The river rat barely misses you.
The ball python bites you but does no damage.
The ball python constricts you. The adder closely misses you.
The river rat bites you.
* * * LOW HITPOINT WARNING * * *
The ball python closely misses you. The ball python constricts you.
It was a potion of magic.
Magic courses through your body.
You die...
Xom laughs nastily!

.∩∩..#
##......#
.....#
#......#
∆∆ ≈≈..##
##...≈.#
∆∆ ≈≈≈≈≈#
#≈≈≈≈r≈#
≈≈≈≈≈#
#≈≈≈≈≈≈#
≈≈≈≈≈#
#≈≈≈≈≈≈#
≈≈≈≈≈#
#≈≈≈r≈≈#
≈≈≈≈≈#
#≈≈≈r#S#
≈≈≈≈≈#
#≈≈≈#@S#
≈≈≈≈≈#
#≈≈≈≈≈%#
.≈≈≈≈#
#≈≈≈≈≈≈#
≈≈≈≈≈#
#≈≈≈#≈.#
≈#≈.≈#
#≈≈≈≈≈≈#
≈≈÷≈≈#
#≈≈≈≈≈≈#
≈≈≈≈≈#
#≈≈≈≈≈≈#
≈≈≈≈≈#
#≈≈≈≈≈≈#
≈≈≈≈≈#
#≈≈≈≈≈≈#


You could see an adder, a river rat, a ball python and a rat.

Vanquished Creatures
  Natasha (twice) (D:2)
  3 gnolls (D:2)
  2 river rats (Sewer)
  4 adders
  An ooze (D:2)
  2 dart slugs
  A leopard gecko (D:2)
  3 bats
  3 giant cockroaches (D:2)
  4 goblins
  2 hobgoblins
  8 jackals
  2 ball pythons
  3 frilled lizards
  5 kobolds
  21 rats
66 creatures vanquished.

Vanquished Creatures (others)
  An adder (Sewer)
1 creature vanquished.

Grand Total: 67 creatures vanquished

Notes
Turn   | Place    | Note
-------+----------+-------------------------------------------
     0 | D:1      | MisterFreud the Gnoll Chaos Knight began the quest for the
                  | Orb.
     0 | D:1      | Reached XP level 1. HP: 23/23 MP: 1/1
   150 | D:1      | Reached XP level 2. HP: 29/29 MP: 2/2
   189 | D:1      | XOM: silly message
   278 | D:1      | XOM: harmless Pois miscast
   499 | D:1      | XOM: harmless Chrm miscast
   501 | D:1      | XOM: harmless Conj miscast
   521 | D:1      | XOM: harmless Ice miscast
   575 | D:1      | XOM: give mutation
   575 | D:1      | Gained mutation: You are frail. (-10% HP) [Xom's mischief]
   615 | D:2      | Found a bloodstained altar of Trog.
   615 | D:2      | Found a radiant altar of Vehumet.
   615 | D:2      | Found a hazy altar of Hepliaklqana.
   661 | D:2      | XOM: confusion
   673 | D:2      | XOM: give mutations
   673 | D:2      | Gained mutation: You are very frail. (-20% HP) [Xom's
                  | mischief]
   673 | D:2      | Gained mutation: You have a pair of small horns on your
                  | head. [Xom's mischief]
   673 | D:2      | Gained mutation: Your body sometimes deteriorates upon
                  | taking damage. [Xom's mischief]
   674 | D:2      | Reached XP level 3. HP: 28/28 MP: 3/3
   816 | D:2      | Reached skill level 1 in Invocations
   823 | D:2      | XOM: give mutations
   823 | D:2      | Gained mutation: Your body often deteriorates upon taking
                  | damage. [Xom's mischief]
   823 | D:2      | Lost mutation: You are very frail. (-20% HP) [Xom's
                  | mischief]
  1043 | D:2      | Reached skill level 1 in Long Blades
  1043 | D:2      | Reached skill level 1 in Axes
  1043 | D:2      | Reached skill level 1 in Maces & Flails
  1043 | D:2      | Reached skill level 1 in Polearms
  1043 | D:2      | Reached skill level 1 in Staves
  1043 | D:2      | Reached skill level 1 in Slings
  1043 | D:2      | Reached skill level 1 in Bows
  1043 | D:2      | Reached skill level 1 in Crossbows
  1043 | D:2      | Reached skill level 1 in Throwing
  1043 | D:2      | Reached skill level 1 in Stealth
  1043 | D:2      | Reached skill level 1 in Shields
  1043 | D:2      | Reached skill level 1 in Unarmed Combat
  1043 | D:2      | Reached skill level 1 in Spellcasting
  1043 | D:2      | Reached skill level 1 in Evocations
  1043 | D:2      | Reached XP level 4. HP: 36/36 MP: 5/5
  1184 | D:2      | XOM: medium Erth miscast
  1226 | D:2      | Noticed Natasha
  1228 | D:2      | Killed Natasha
  1228 | D:2      | Reached skill level 1 in Conjurations
  1228 | D:2      | Reached skill level 1 in Hexes
  1228 | D:2      | Reached skill level 1 in Charms
  1228 | D:2      | Reached skill level 1 in Summonings
  1228 | D:2      | Reached skill level 1 in Necromancy
  1228 | D:2      | Reached skill level 1 in Translocations
  1228 | D:2      | Reached skill level 1 in Transmutations
  1228 | D:2      | Reached skill level 1 in Fire Magic
  1228 | D:2      | Reached skill level 1 in Ice Magic
  1228 | D:2      | Reached skill level 1 in Air Magic
  1228 | D:2      | Reached skill level 1 in Earth Magic
  1228 | D:2      | Reached skill level 1 in Poison Magic
  1242 | D:2      | Noticed Natasha
  1252 | D:2      | Killed Natasha
  1252 | D:2      | Reached XP level 5. HP: 27/42 MP: 6/6
  1589 | D:2      | XOM: chaos upgrade
  1735 | D:3      | Found a glowing drain.
  1740 | D:3      | XOM: 2-stop teleportation journey
  1760 | Sewer    | Entered a sewer
  1798 | Sewer    | XOM: summons 1 hostile shadow creature
  1816 | Sewer    | XOM: medium Air miscast
  1983 | Sewer    | XOM: harmless Necr miscast
  2013 | Sewer    | XOM: polymorph adder -> river rat
  2021 | Sewer    | XOM: blink monster(s)
  2026 | Sewer    | HP: 1/42 [river rat (3)]
  2027 | Sewer    | Succumbed to an adder's poison

Levels and vault maps discovered:
D:1:      dpeg_arrival_tiny_g, layout_basic, minivault_24
D:2:      layout_rooms, gammafunk_temple_overflow_forgotten,
          minmay_worlds_worst_comb, uniq_natasha
D:3:      layout_basic, zin_purify, portal_sewer_entry_d, minmay_misc_feat_x,
          grunt_ministairs_5, uniq_robin
Sewer:    sewer_minmay_w

Skill      XL: |  1  2  3  4  5 |
---------------+----------------+-----
Invocations    | 1 |  1.8
Long Blades    | 1 |  1.6
Axes           | 1 |  1.6
Maces & Flails | 1 |  1.6
Polearms       | 1 |  1.6
Staves         | 1 |  1.6
Slings         | 1 |  1.6
Bows           | 1 |  1.6
Crossbows      | 1 |  1.6
Throwing       | 1 |  1.6
Stealth        | 1 |  1.6
Shields        | 1 |  1.6
Unarmed Combat | 1 |  1.6
Spellcasting   | 1 |  1.6
Evocations     | 1 |  1.6
Conjurations   | 1 |  1.2
Hexes          | 1 |  1.2
Charms         | 1 |  1.2
Summonings     | 1 |  1.2
Necromancy     | 1 |  1.2
Translocations | 1 |  1.2
Transmutations | 1 |  1.2
Fire Magic     | 1 |  1.2
Ice Magic      | 1 |  1.2
Air Magic      | 1 |  1.2
Earth Magic    | 1 |  1.2
Poison Magic   | 1 |  1.2
Dodging        | 3 |  3.0
Fighting       | |  6.7
Short Blades   | |  6.7
Armour         | |  4.8

Action                   |  1- 3 |  4- 6 || total
-------------------------+-------+-------++-------
Melee: Short sword       |    82 |    25 ||   107
       Bite              |     6 |     4 ||    10
       Headbutt          |     5 |    12 ||    17
       Punch             |     1 |       ||     1
       Halberd           |       |    76 ||    76
  Use: Scroll            |       |     9 ||     9
       Potion            |       |     2 ||     2
 Stab: Sleeping          |     1 |     2 ||     3
       Petrifying        |     1 |       ||     1
  Eat: Chunk             |       |     3 ||     3
Armor: Leather armour    |    30 |    33 ||    63
Dodge: Dodged            |    48 |    98 ||   146

Table legend:
 A = Non-vault XP
 B = Vault XP
 C = Vault XP percentage of total XP
 D = Non-vault monster count
 E = Vault monster count
 F = Vault count percentage of total count
                 A         B        C        D         E       F
            +---------+---------+-------+---------+---------+-------
      Total |     193 |      92 |  32.3 |      48 |      18 |  27.3
            +---------+---------+-------+---------+---------+-------
        D:1 |      18 |       0 |   0.0 |      10 |       0 |   0.0
        D:2 |     154 |      41 |  21.0 |      27 |       4 |  12.9
        D:3 |      21 |      13 |  38.2 |      11 |       1 |   8.3
      Sewer |       0 |      38 | 100.0 |       0 |      13 | 100.0
            +---------+---------+-------+---------+---------+-------
